 Dungeon Crawl Stone Soup version 0.28.0-53-g5a82cb258f (webtiles) character file.

Game seed: 3045647147974927244

42 Logoto the Conjurer (level 3, -1/26 HPs)
             Began as a Draconian Conjurer on Aug 2, 2022.
             Slain by Robin
             ... wielding a +0 spear
              (4 damage)
             ... on level 2 of the Dungeon.
             The game lasted 00:06:02 (1630 turns).

Logoto the Conjurer (Draconian Conjurer)            Turns: 1630, Time: 00:06:02

Health: -1/26      AC:  5    Str: 11    XL:     3   Next: 33%
Magic:  1/6        EV: 12    Int: 18    God:
Gold:   95         SH:  0    Dex:  9    Spells: 3/6 levels left

rFire   . . .      SeeInvis .   a - +0 dagger
rCold   . . .      Faith    .   (no shield)
rNeg    . . .      Spirit   .   (armour unavailable)
rPois   .          Reflect  .   (helmet restricted)
rElec   .          Harm     .   (no cloak)
rCorr   .          Rampage  .   (no gloves)
Will    .....                   (no boots)
Stlth   ++........              (no amulet)
HPRegen 0.08/turn               (no ring)
MPRegen 0.10/turn               (no ring)

@: no status effects
A: AC +5, unfitting armour, cold-blooded
a: no special abilities


You were on level 2 of the Dungeon.
You visited 1 branch of the dungeon, and saw 2 of its levels.

You collected 95 gold pieces.

Inventory:

Hand Weapons
 a - a +0 dagger (weapon)
Scrolls
 b - a scroll of blinking {unknown}
 c - a scroll of teleportation {unknown}
 d - a scroll of fear {unknown}
 f - a scroll of enchant weapon {unknown}
Potions
 e - a potion of heal wounds {unknown}
 g - a potion of brilliance {unknown}


   Skills:
 + Level 0.4 Short Blades
 + Level 2.1 Dodging
 + Level 1.8 Stealth
 + Level 2.0 Spellcasting
 + Level 4.9 Conjurations


You had 3 spell levels left.
You knew the following spells:

 Your Spells              Type           Power      Damage    Failure   Level
a - Magic Dart            Conj           76%        1d6       2%          1
b - Searing Ray           Conj           38%        2d5       3%          2

Your spell library contained the following spells:

 Spells                   Type           Power      Damage    Failure   Level
 Dazzling Flash           Conj/Hex       20%        N/A       21%         3
 Fulminant Prism          Conj/Hex       5%         3d7       54%         4
 Iskenderun's Mystic Bla  Conj/Tloc      10%        2d4       54%         4


Dungeon Overview and Level Annotations

Branches:
Dungeon (2/15)

Altars:

Annotations:
D:2 Robin


Innate Abilities, Weirdness & Mutations

Your plain brown scales are hard. (AC +5)
You cannot fit into any form of body armour.
You are cold-blooded and may be slowed by cold attacks.


Message History

The searing ray misses Robin.
Robin hits you from afar with a +0 spear.
The searing ray hits Robin.
Robin is severely wounded.
The searing ray hits the goblin.
You kill the goblin!
Robin misses you.
The searing ray misses Robin.
You finish channelling your searing ray.
Robin hits you from afar with a +0 spear.
Casting: Searing Ray (safe; 3% risk of failure)
Confirm with . or Enter, or press ? or * to list all spells.
Aiming: Magic Dart (safe; 2% risk of failure)
Press: ? - help, Shift-Dir - straight line, f/p - Robin
Aim: Robin, wielding a +0 spear, wearing a +0 animal skin and wearing a +1 helmet (severely wounded, 100% to hit)
The magic dart hits Robin but does no damage.
Robin is severely wounded.
Robin hits you from afar with a +0 spear.
Casting: Magic Dart (safe; 2% risk of failure)
Confirm with . or Enter, or press ? or * to list all spells.
You don't have enough magic to cast this spell.
Robin hits you with a +0 spear.
You hit Robin.
Your tail-slap misses Robin.
Robin is severely wounded.
Robin's horned helmet rattles.
Robin hits you with a +0 spear.
* * * LOW HITPOINT WARNING * * *
You closely miss Robin.
Robin is severely wounded.
Robin hits you with a +0 spear.
* * * LOW HITPOINT WARNING * * *
Robin hits you but does no damage.
A bat comes into view.
Robin roars a battlecry!
The goblin goes into a battle-frenzy!
The goblin shouts!
Found 16 gold pieces.
Found 11 gold pieces.
Found a stone staircase leading up.
Robin hits you from afar with a +0 spear.
You die...

###### #.....# ##.......
#........ #........
####### #........
.)..<)##########.....$..
#####...)..g..g.........
##..########@.......
##.g.#### #........
####.......# #<.......
.......###.# #...b....
...†...# #.# #........
.......###g##.[.........
.........)g.....#..$....
.......####...g.##......
.......# ##g.>#


You could see Robin, a goblin (strong) and a bat.

Vanquished Creatures
  2 dart slugs (D:1)
  A ball python (D:1)
  3 endoplasms (D:1)
  2 giant cockroaches
  9 goblins
  5 hobgoblins
  A kobold (D:1)
  2 quokkas
  3 bats
  2 frilled lizards (D:1)
30 creatures vanquished.

Notes
Turn   | Place    | Note
-------+----------+-------------------------------------------
     0 | D:1      | Logoto the Draconian Conjurer began the quest for the Orb.
     0 | D:1      | Reached XP level 1. HP: 14/14 MP: 3/3
   403 | D:1      | Reached XP level 2. HP: 20/20 MP: 3/5
   799 | D:1      | Learned a level 2 spell: Searing Ray
  1436 | D:2      | Noticed Robin
  1443 | D:2      | Reached XP level 3. HP: 26/26 MP: 2/6
  1630 | D:2      | Slain by Robin

Illustrated notes

Levels and vault maps discovered:
D:1:      minmay_arrival_four_circles, layout_basic
D:2:      layout_rooms, uniq_robin

Skill      XL: |  1  2 |
---------------+-------+-----
Dodging        | 2 |  2.1
Short Blades   | |  0.4
Stealth        | |  1.8
Spellcasting   | |  2.0
Conjurations   | |  4.9

Action                   || total
-------------------------++-------
Melee: Unarmed           ||     5
       Dagger            ||    47
       Tailslap          ||     3
 Cast: Magic Dart        ||    27
       Searing Ray       ||     7
Armor: Skin              ||    34
Dodge: Dodged            ||    61
